 Dungeon Crawl Stone Soup version 0.27.1-34-g3ba077fa99 (webtiles) character file.

Game seed: 11099136909764244595

1780 LustLizard the Cleaver (level 8, -2/106 HPs)
             Began as a Minotaur Berserker on Jan 30, 2022.
             Was an Elder of Trog.
             Slain by a troll (3 damage)
             ... on level 7 of the Dungeon.
             The game lasted 00:19:10 (6945 turns).

LustLizard the Cleaver (Minotaur Berserker)         Turns: 6945, Time: 00:19:13

Health: -2/106     AC: 10    Str: 22    XL:     8   Next: 81%
Magic:  7/7        EV: 11    Int:  6    God:    Trog [****..]
Gold:   604        SH:  0    Dex: 10    Spells: 7/7 levels left

rFire    . . .     SeeInvis +   l - +0 whip (venom)
rCold    . . .     Faith    .   (no shield)
rNeg     + . .     Spirit   .   h - +0 ring mail {rN+}
rPois    .         Reflect  .   (helmet restricted)
rElec    .         Harm     .   y - +2 cloak
rCorr    .         Rampage  .   e - +0 pair of gloves
Will     .....                  (no boots)
Stlth    ..........             (no amulet)
HPRegen  0.27/turn              j - ring of see invisible
MPRegen  0.10/turn              (no ring)

@: berserking, very quick
A: horns 2, retaliatory headbutt
a: Renounce Religion, Berserk, Trog's Hand, Brothers in Arms


You were on level 7 of the Dungeon.
You worshipped Trog.
Trog was greatly pleased with you.
You visited 1 branch of the dungeon, and saw 7 of its levels.
You also visited: Ossuary.

You collected 604 gold pieces.

Inventory:

Hand Weapons
 a - a +0 hand axe
 c - a +1 dagger of venom
 l - a +0 whip of venom (weapon)
Missiles
 g - 41 stones (quivered)
 o - 18 poisoned darts
 p - 6 atropa-tipped darts
Armour
 b - a +0 animal skin
 e - a +0 pair of gloves (worn)
 h - a +0 ring mail of positive energy (worn)
 y - a +2 cloak (worn)
Jewellery
 j - a ring of see invisible (left hand)
Scrolls
 q - 2 scrolls of enchant armour {unknown}
 r - 6 scrolls of noise
 t - 4 scrolls of teleportation {unknown}
 u - a scroll of fog {unknown}
 B - a scroll of immolation {unknown}
 D - a scroll of acquirement {unknown}
 F - a scroll of brand weapon {unknown}
Potions
 d - 2 potions of might
 f - a potion of ambrosia {unknown}
 i - 2 potions of haste {unknown}
 k - a potion of mutation {unknown}
 m - 8 potions of curing
 n - 3 potions of degeneration
 s - a potion of attraction {unknown}
 v - 2 potions of cancellation
 w - 2 potions of flight {unknown}
 x - 3 potions of berserk rage
 z - a potion of resistance {unknown}
 A - 3 potions of lignification {unknown}
 C - 3 potions of heal wounds {unknown}
 E - a potion of invisibility {unknown}


   Skills:
 + Level 6.5 Fighting
 * Level 8.8 Axes
 * Level 6.3 Throwing
 + Level 6.0 Armour
 - Level 2.1 Dodging


You had 7 spell levels left.
You didn't know any spells.
Your spell library was empty.

Dungeon Overview and Level Annotations

Branches:
Dungeon (7/15)            Ossuary (visited)
 Temple: D:4-7

Altars:
Fedhas
Hepliaklqana
Kikubaaqudgha
Xom
Yredelemnul

Shops:
D:3 =

Annotations:
D:4 Duvessa


Innate Abilities, Weirdness & Mutations

You have a pair of horns on your head.
You reflexively headbutt those who attack you in melee.


Message History

Aim: a troll (lightly wounded, 63% to hit)
You throw a stone. The stone closely misses the troll.
Throw: 43 stones
Press: ? - help, Q - select action, (/) - cycle Shift-Dir - straight line, f/p - troll
Aim: a troll (lightly wounded, 63% to hit)
You throw a stone. The stone closely misses the troll.
Throw: 42 stones
Press: ? - help, Q - select action, (/) - cycle Shift-Dir - straight line, f/p - troll
Aim: a troll (lightly wounded, 63% to hit)
You throw a stone. The stone barely misses the troll.
You whack the troll!
The troll is poisoned.
The troll is moderately wounded.
The troll bites you. The troll claws you. The troll claws you!
You closely miss the troll. You headbutt the troll.
The troll is heavily wounded.
You hit the troll.
The troll looks even sicker.
The troll is heavily wounded.
The troll bites you but does no damage.
The troll claws you but does no damage. x2
You barely miss the troll.
You headbutt the troll, but do no damage.
The troll is heavily wounded.
The troll barely misses you. The troll claws you. x2
You closely miss the troll.
The troll is heavily wounded.
The troll barely misses you. You furiously retaliate!
You headbutt the troll! The troll claws you. The troll barely misses you.
You barely miss the troll.
You headbutt the troll, but do no damage.
The troll is severely wounded.
The troll bites you!
* * * LOW HITPOINT WARNING * * *
The troll claws you but does no damage. The troll claws you!
* * * LOW HITPOINT WARNING * * *
A red film seems to cover your vision as you go berserk!
You feel yourself moving faster!
You feel mighty! The troll bites you.
* * * LOW HITPOINT WARNING * * *
The troll claws you!
* * * LOW HITPOINT WARNING * * *
The troll claws you.
You die...

≈##≈≈###...#
≈≈#≈≈≈≈...# (#
≈≈≈≈≈≈##..#
.≈≈#≈≈≈#≈≈#..#
#≈≈≈≈≈≈≈≈#..#
#≈#≈≈#≈≈#..#
≈≈≈; #...# .
#≈≈###...#
....##≈#...T@#
..((.(.(....##
.(..#########
.


You could see a troll (very poisoned).

Vanquished Creatures
  Grinder (D:3)
  A wyvern (D:6)
  A water moccasin (D:6)
  A sky beast (D:5)
  2 ogres
  A centaur (D:7)
  A bullfrog (D:7)
  A wyvern zombie (D:3)
  2 scorpions
  Dowan (D:4)
  2 hounds
  An orc priest (D:5)
  Crazy Yiuf (D:5)
  3 bullfrog skeletons
  An iguana (D:7)
  4 orc wizards
  A killer bee zombie (D:7)
  2 hound skeletons (D:4)
  8 mummies (Ossuary)
  3 gnolls (D:6)
  10 adders
  A shadow imp (D:6)
  A white imp (D:5)
  An ufetubus (D:4)
  An adder skeleton (D:4)
  A dart slug (D:1)
  13 orcs
  7 bats
  4 endoplasms
  2 giant cockroaches
  13 goblins
  13 hobgoblins
  3 jackals (D:2)
  2 quokkas (D:1)
  7 ball pythons
  4 frilled lizards
  2 gnoll zombies (Ossuary)
  A hobgoblin zombie (Ossuary)
  8 kobolds
  2 kobold zombies (Ossuary)
  3 orc zombies (Ossuary)
  A quokka skeleton (D:4)
  3 rats (D:2)
141 creatures vanquished.

Vanquished Creatures (others)
  A plant (D:5)
1 creature vanquished.

Grand Total: 142 creatures vanquished

Notes
Turn   | Place    | Note
-------+----------+-------------------------------------------
     0 | D:1      | LustLizard the Minotaur Berserker began the quest for the
                  | Orb.
     0 | D:1      | Reached XP level 1. HP: 19/19 MP: 0/0
   380 | D:1      | Reached skill level 4 in Axes
   382 | D:1      | Reached XP level 2. HP: 27/27 MP: 1/1
   677 | D:1      | Reached skill level 1 in Throwing
   820 | D:1      | Reached XP level 3. HP: 33/33 MP: 2/2
  1006 | D:2      | Reached ** piety under Trog
  1011 | D:2      | Found a faded altar of an unknown god.
  1190 | D:2      | Reached XP level 4. HP: 36/40 MP: 3/3
  1801 | D:3      | Reached skill level 5 in Axes
  1870 | D:3      | Found a basalt altar of Yredelemnul.
  1888 | D:3      | Reached XP level 5. HP: 41/47 MP: 4/4
  1944 | D:3      | Reached *** piety under Trog
  2030 | D:3      | Found Qovog's Jewellery Shoppe.
  2139 | D:3      | Noticed Grinder
  2158 | D:3      | Killed Grinder
  2159 | D:3      | Reached XP level 6. HP: 55/55 MP: 5/5
  2325 | D:4      | Reached skill level 6 in Axes
  2579 | D:4      | Reached skill level 5 in Fighting
  2628 | D:4      | Found a hazy altar of Hepliaklqana.
  2905 | D:4      | Reached XP level 7. HP: 58/61 MP: 6/6
  2945 | D:4      | Noticed Dowan
  2945 | D:4      | Noticed Duvessa
  3251 | D:4      | Killed Dowan
  3653 | D:5      | Entered Level 5 of the Dungeon
  3680 | D:5      | Reached skill level 7 in Axes
  3789 | D:5      | Found a runed translucent door.
  3790 | D:5      | Noticed Crazy Yiuf
  3905 | D:5      | Reached skill level 5 in Throwing
  3905 | D:5      | Reached skill level 5 in Armour
  3997 | D:5      | Reached XP level 8. HP: 43/70 MP: 7/7
  4531 | D:5      | Killed Crazy Yiuf
  4605 | D:6      | Found a sand-covered staircase.
  4627 | Ossuary  | Entered an ossuary
  4689 | Ossuary  | Reached **** piety under Trog
  5189 | D:6      | Found an ancient bone altar of Kikubaaqudgha.
  5192 | D:6      | Found a blossoming altar of Fedhas.
  5308 | D:6      | Reached skill level 8 in Axes
  5675 | D:6      | Found a shimmering altar of Xom.
  6927 | D:7      | Noticed a troll
  6945 | D:7      | HP: 1/106 [troll (7)]
  6945 | D:7      | Slain by a troll

Illustrated notes

Levels and vault maps discovered:
D:1:      minmay_arrival_widening_spiral_wide, layout_loops_ring,
          grunt_decor_fettered, minmay_misc_feat_tiny
D:2:      layout_basic, hellmonk_ecumenical_altar_crossroads
D:3:      layout_rooms, amcnicky_altar_gilded, serial_shops,
          nicolae_shop_waterfront, uniq_grinder
D:4:      layout_loops_cross, lemuel_doored_altar, uniq_duvessa
D:5:      layout_rooms, serial_bayou_pond_c, uniq_crazy_yiuf_cottage
D:6:      layout_rooms, grunt_temple_overflow_growth_and_decay,
          kennysheep_little_box, lightli_ossuary_entry_decrepit_ruins,
          minmay_microvault
D:7:      layout_cave_pools, minmay_temple_entry_mist, minivault_4,
          patterned_corridor

Skill      XL: |  1  2  3  4  5  6  7  8 |
---------------+-------------------------+-----
Axes           | 4 5 6 7 8 |  8.8
Throwing       | 1 2 3 4 5 6 |  6.3
Fighting       | 4 5 6 |  6.5
Armour         | 3 4 5 6 |  6.0
Dodging        | |  2.1

Action                   |  1- 3 |  4- 6 |  7- 9 || total
-------------------------+-------+-------+-------++-------
Melee: Dagger            |    54 |       |       ||    54
       Headbutt          |     7 |    21 |    45 ||    73
       Whip              |    20 |   116 |   203 ||   339
Throw: Stone             |       |     2 |   100 ||   102
       Dart              |       |       |     9 ||     9
Invok: Trog's Hand       |       |     1 |     2 ||     3
       Berserk           |       |       |     1 ||     1
  Use: Scroll            |       |       |     6 ||     6
Armor: Animal skin       |     4 |       |       ||     4
       Ring mail         |    14 |    37 |    93 ||   144
Dodge: Dodged            |    46 |    80 |    97 ||   223
